Map: Shrines of Lizul

Players

OpuS - Winner!

  • Race: Protoss Protoss
  • League: Diamond
  • Spawn Location: 12:00

Sketchaphone - Winner!

  • Race: Zerg Zerg
  • League: Gold
  • Spawn Location: 3:00

ViBE

  • Race: Zerg Zerg
  • League: Diamond
  • Spawn Location: 6:00

Krousty

  • Race: Terran Terran
  • Spawn Location: 9:00

VOD

Have the link to the VOD?

Description

Time

  • Played on: Jan. 21, 2019, 6:06 p.m.
  • Length: 7:12
Show
View Real Time Build Order
Export as new Build Order

OpuS Protoss - Winner!

Build Orders:  

Get SALT Encoding   

  12  0:00  Probe  
  13  0:13  Probe  
  14  0:21  Pylon  
  14  0:25  Probe  
  15  0:35  Probe  
  16  0:43  Probe  
  16  0:45  Gateway  
  17  0:55  Probe, Assimilator  
  18  1:05  Gateway  
  18  1:11  Pylon, Probe  
  19  1:19  Probe  
  20  1:32  Zealot  
  22  1:34  Probe  
  23  1:44  Cybernetics Core  
  23  1:46  Probe  
  24  1:54  Assimilator  
  24  1:56  Zealot  
  26  2:07  Pylon  
  26  2:20  Adept x2  
  26  2:24  Probe  
  31  2:32  Probe  
  32  2:50  Stalker x2  
  35  2:54  Pylon  
  35  2:55  Warp Gate  
  35  3:07  Robotics Facility  
  35  3:36  Sentry  
  35  3:44  Sentry  
  39  3:49  Nexus  
  39  4:04  Immortal  
  39  4:07  Probe  
  44  4:16  Pylon  
  44  4:28  Sentry  
  46  4:35  Sentry, Pylon  
  48  4:38  Immortal  
  52  4:58  Pylon  
  52  5:10  Stalker  
  54  5:14  Stalker  
  54  5:21  Probe x2  
  45  5:50  Stalker x2  
  41  6:11  Probe  
  41  6:12  Probe  
  41  6:14  Stalker  
  45  6:23  Probe  
  41  6:29  Stalker  
  24  7:02  Stalker  
Show
View Real Time Build Order
Export as new Build Order

Sketchaphone Zerg - Winner!

Build Orders: Pool First 

Get SALT Encoding   

  12  0:01  Drone  
  13  0:13  Overlord  
  13  0:21  Drone  
  13  0:25  Extractor  
  13  0:27  Drone  
  14  0:42  Spawning Pool  
  13  0:47  Drone  
  14  0:52  Drone  
  15  0:57  Drone  
  15  1:03  Drone  
  17  1:09  Drone  
  18  1:29  Metabolic Boost, Zergling x2  
  19  1:36  Overlord  
  19  1:46  Spine Crawler  
  18  1:47  Drone  
  19  2:05  Overlord  
  19  2:07  Drone  
  20  2:24  Zergling x2  
  20  2:28  Drone  
  22  2:38  Zergling x2  
  22  2:43  Hatchery  
  22  2:50  Zergling x2  
  23  2:52  Queen  
  25  3:00  Roach Warren  
  25  3:02  Spine Crawler  
  22  3:12  Zergling x4  
  24  3:19  Evolution Chamber  
  23  3:24  Overlord  
  23  3:39  Zergling x2  
  23  3:40  Zergling x2  
  25  3:53  Overlord  
  26  3:55  Drone  
  26  4:03  Drone  
  26  4:04  Roach x2  
  26  4:05  Roach  
  26  4:07  Drone  
  34  4:12  Zerg Melee Weapons Level 1  
  34  4:21  Queen  
  34  4:22  Drone x2  
  37  4:29  Overlord, Zergling x2  
  38  4:39  Drone  
  38  4:40  Overlord  
  38  4:41  Drone  
  40  5:00  Drone  
  40  5:01  Overlord  
  40  5:06  Zergling x2  
  44  5:07  Roach x2  
  44  5:08  Zergling x2  
  44  5:09  Overlord  
  44  5:10  Zergling x4  
  48  5:15  Zergling x2  
  49  5:24  Roach  
  49  5:25  Roach  
  52  5:36  Roach  
  47  5:58  Zergling x8, Drone x2  
  47  5:59  Zergling x2  
  47  6:01  Spore Crawler, Extractor  
  52  6:05  Drone  
  52  6:06  Spore Crawler, Drone  
  52  6:17  Roach x2  
  55  6:26  Spore Crawler, Drone  
  55  6:28  Spore Crawler  
  54  6:36  Roach, Drone  
Show
View Real Time Build Order
Export as new Build Order

ViBE Zerg 

Build Orders: Pool First 

Get SALT Encoding   

  12  0:03  Drone  
  13  0:14  Overlord  
  13  0:19  Drone  
  14  0:35  Spawning Pool  
  14  0:39  Drone  
  14  0:42  Extractor  
  13  0:45  Drone  
  13  0:49  Drone  
  15  0:58  Drone  
  15  1:03  Drone  
  17  1:12  Drone  
  18  1:23  Roach Warren  
  17  1:28  Queen  
  19  1:33  Drone  
  19  1:36  Drone  
  21  1:45  Overlord  
  21  2:04  Roach  
  21  2:06  Roach  
  25  2:25  Roach  
  25  2:29  Roach  
  29  2:41  Overlord  
  29  2:56  Spine Crawler, Roach  
  29  2:58  Spine Crawler, Roach  
  29  3:01  Hatchery  
  29  3:02  Roach  
  32  3:12  Roach, Drone  
  35  3:15  Ravager x2  
  33  3:25  Roach x2  
  37  3:28  Ravager  
  38  3:38  Extractor  
  38  3:41  Overlord  
  37  3:43  Drone  
  38  3:59  Overlord  
  38  4:05  Queen  
  38  4:07  Roach x3  
  38  4:08  Overlord  
  46  4:15  Drone x2  
  48  4:28  Roach  
  50  4:33  Drone  
  51  4:47  Roach  
  51  4:48  Drone  
  51  4:49  Drone  
  55  5:02  Roach  
  55  5:03  Roach x2  
  61  5:10  Roach x2  
  65  5:17  Spine Crawler  
  64  5:25  Spine Crawler, Drone x2  
  65  5:30  Drone x2  
  65  5:37  Roach  
  65  5:40  Roach  
  51  5:43  Roach  
  51  5:46  Roach  
Show
View Real Time Build Order
Export as new Build Order

Krousty Terran 

Build Orders:  

Get SALT Encoding   

  12  0:03  SCV  
  13  0:15  SCV  
  13  0:19  Supply Depot  
  14  0:29  Refinery, SCV  
  15  0:43  Barracks  
  15  0:46  SCV  
  16  0:58  SCV  
  17  1:17  Refinery  
  17  1:20  SCV  
  18  1:33  Marine  
  18  1:35  Factory  
  19  1:42  Supply Depot  
  19  2:03  Marine  
  20  2:09  SCV  
  21  2:30  Starport  
  21  2:31  Factory Tech Lab  
  21  2:34  Orbital Command  
  21  2:39  Engineering Bay  
  21  2:52  Marine  
  22  2:59  Factory Reactor  
  21  3:19  Banshee  
  21  3:23  SCV  
  25  3:40  Fusion Core  
  25  3:41  SCV  
  25  3:43  Marine  
  27  3:51  Hellion x2  
  31  4:21  Weapon Refit  
  31  4:22  Supply Depot  
  35  4:28  Battlecruiser  
  35  4:29  Missile Turret  
  37  4:37  SCV  
  38  4:44  Hellion x2  
  42  5:32  Command Center  
  34  5:50  Battlecruiser  
  40  6:31  Widow Mine x2  
  44  6:44  SCV  
Tags
 
Add a new tag
Caveats
  • Supply blocks, unpowered buildings, or Contaminate may cause inaccurate times.
  • Supply counts are checked every 10 seconds.